 Dungeon Crawl Stone Soup version 0.22-a0-514-g96ba041d05 (webtiles) character file.

18417 M4edhros the Martial Artist (level 12, -2/82 HPs)
             Began as an Octopode Necromancer on June 19, 2018.
             Was a Priest of Cheibriados.
             Slain by a black mamba (17 damage)
             ... on level 5 of the Lair of Beasts.
             The game lasted 00:43:30 (6988 turns).

M4edhros the Martial Artist (Octopode Necromancer)  Turns: 6988, Time: 00:43:31

Health: -2/82      AC:  2    Str: 16    XL:     12   Next: 58%
Magic:  15/19      EV: 20    Int: 28    God:    Cheibriados [***...]
Gold:   185        SH:  6    Dex: 24    Spells: 1/20 levels left

rFire    + . .     SeeInvis .     - Unarmed
rCold    . . .     Gourm    .   k - +0 buckler
rNeg     . . .     Faith    +   (helmet restricted)
rPois    .         Spirit   .   z - amulet of faith
rElec    .         Reflect  .   r - ring of ice
rCorr    +         Harm     .   w - ring of protection from fire
MR       .....                  y - ring of fire
Stlth    ++++......             K - ring of resist corrosion
HPRegen  1.23/turn              (no ring)
MPRegen  0.16/turn              (no ring)
                                (no ring)
                                (no ring)

@: lethally poisoned (-2 -> -4), regenerating (expiring), studying Invocations,
very slow
A: almost no armour, stealthy swim, amphibious, 8 rings, constrict 8, rugged
brown scales 1, camouflage 1, clever 1, gelatinous body 1, MP-powered wands
a: Bend Time, Temporal Distortion, Renounce Religion


You were on level 5 of the Lair of Beasts.
You worshipped Cheibriados.
Cheibriados was most pleased with you.
You were not hungry.

You visited 3 branches of the dungeon, and saw 15 of its levels.
You also visited: Labyrinth and Sewer.

You collected 489 gold pieces.
You spent 304 gold pieces at shops.

Inventory:

Hand Weapons
 g - a +0 blowgun
 q - a +2 flail of holy wrath
 F - a +0 blowgun
Missiles
 i - 47 poisoned needles
 t - 15 silver javelins
 C - 8 javelins (quivered)
Armour
 k - a +0 buckler (worn)
Magical Staves
 I - an uncursed staff of cold
Jewellery
 r - a ring of ice (left tentacle)
 w - a ring of protection from fire (right tentacle)
 y - a ring of fire (on tentacle)
 z - an amulet of faith (around mantle)
 K - a ring of resist corrosion (on tentacle)
Wands
 e - a wand of paralysis (6)
 B - a wand of flame (12)
 E - a wand of clouds (12)
 J - a wand of digging (12)
Scrolls
 a - 7 scrolls of remove curse
 c - 2 scrolls of blinking
 h - 2 scrolls of enchant weapon
 j - 6 scrolls of teleportation
 n - 3 scrolls of fog
 o - 3 scrolls of fear
 s - 4 scrolls of immolation
 L - a scroll of identify
 N - a scroll of brand weapon {unknown}
Potions
 f - 3 potions of magic {unknown}
 l - a potion of resistance
 p - a potion of brilliance {unknown}
 v - a potion of haste {unknown}
 x - a potion of invisibility {unknown}
 A - a potion of heal wounds
 D - a potion of cancellation {unknown}
 G - a potion of flight {unknown}
 H - 2 potions of might {unknown}
Books
 d - a manual of Invocations
Miscellaneous
 m - a phial of floods (inert)
 u - a box of beasts
Comestibles
 b - 14 rations
 M - 4 chunks of flesh


   Skills:
 + Level 6.5 Fighting
 + Level 7.0 Dodging
 - Level 2.6 Stealth
 - Level 4.8 Shields
 - Level 11.2 Unarmed Combat
 + Level 4.9 Spellcasting
 - Level 5.2 Hexes
 - Level 4.0 Necromancy
 * Level 2.6 Transmutations
 - Level 2.2 Air Magic
 * Level 2.5 Earth Magic
 - Level 2.6 Poison Magic
 + Level 7.8 Invocations
 + Level 7.7 Evocations


You had one spell level left.
You knew the following spells:

 Your Spells              Type           Power        Failure   Level  Hunger
a - Statue Form           Tmut/Erth      ###......    98%         6    ######.
b - Animate Skeleton      Necr           N/A          1%          1    None
c - Regeneration          Chrm/Necr      ###.......   9%          3    #......
d - Tukima's Dance        Hex            #####...     2%          3    #......
e - Mephitic Cloud        Conj/Pois/Air  ###.....     11%         3    #......
f - Conjure Flame         Conj/Fire      ##......     21%         3    #......

Your spell library contained the following spells:

 Spells                   Type           Power        Failure   Level  Hunger
 Cause Fear               Hex            #####.....   8%          4    ###....
 Magic Dart               Conj           #...         7%          1    None
 Slow                     Hex            #####...     1%          2    None
 Confuse                  Hex            #####...     2%          3    #......
 Throw Frost              Conj/Ice       ##....       11%         2    None
 Blink                    Tloc           N/A          11%         2    None
 Animate Dead             Necr           N/A          13%         4    ###....
 Pain                     Necr           ####         1%          1    None
 Vampiric Draining        Necr           ####......   4%          3    #......
 Freeze                   Ice            ##..         7%          1    None
 Summon Ice Beast         Ice/Summ       ##......     56%         4    ###....
 Ozocubu's Armour         Chrm/Ice       ##......     21%         3    #......
 Call Imp                 Summ           #.......     11%         2    None
 Dragon Form              Tmut           ###.......   100%        7    #######
 Deflect Missiles         Chrm/Air       ##........   100%        6    ######.
 Throw Icicle             Conj/Ice       ##......     56%         4    ###....
 Ensorcelled Hibernation  Hex/Ice        ####..       3%          2    None
 Silence                  Hex/Air        ####......   38%         5    #####..
 Corona                   Hex            #####..      1%          1    None
 Dazzling Spray           Conj/Hex       ###...       7%          3    #......
 Discord                  Hex            #####.....   100%        8    #######
 Hydra Form               Tmut           ###.......   98%         6    ######.
 Irradiate                Conj/Tmut      ##........   73%         5    #####..
 Yara's Violent Unravell  Hex/Tmut       ####......   36%         5    #####..


Dungeon Overview and Level Annotations

Branches:
Dungeon (9/15)             Temple (1/1) D:4            Lair (5/6) D:9
 Shoals (0/4) Lair:3        Snake (0/4) Lair:4
  Slime: Lair:5-6       Orc: D:9-12

Altars:
Ashenzari
Cheibriados
Elyvilon
Fedhas
Gozag
Hepliaklqana
Kikubaaqudgha
Makhleb
Nemelex Xobeh
Okawaru
Ru
Sif Muna
Trog
Uskayaw
Wu Jian
Yredelemnul
Zin
The Shining One

Shops:
D:9 !


Innate Abilities, Weirdness & Mutations

You cannot wear most types of armour.
You are very stealthy in the water. (Stealth+)
You are amphibious.
You can wear up to eight rings at the same time.
You can use your tentacles to constrict eight enemies at once.
Your skin changes colour to match your surroundings (Stealth+).
Your rubbery body absorbs attacks. (AC +1, EV +1)
You are partially covered in rugged brown scales. (AC +1, +3% HP)
Your mind is acute. (Int +2)
You expend magic power (3 MP) to strengthen your wands.


Message History

The black mamba bites you!
You are poisoned.
The black mamba poisons you!
You tentacle-slap the black mamba. Your grab misses the black mamba.
You squeeze the black mamba!
The black mamba is moderately wounded.
You feel sick. The black mamba bites you!
You are more poisoned.
The black mamba poisons you!
Your elephant skeleton barely misses the black mamba.
You miss the black mamba. You grab the black mamba.
You squeeze the black mamba.
The black mamba is moderately wounded.
You constrict the black mamba.
You feel sick. The black mamba bites you! x2
* * * LOW HITPOINT WARNING * * *
You bludgeon the black mamba!
The black mamba is almost dead.
Your skin is crawling a little less now.
You constrict the black mamba.
You feel sick. The black mamba bites you!
You die...

.. ##.<..# .#
.#.P ##..###...
##...# #..#..#.
#..... ##.P.# ...
......##P..P#P..#
.....#...........
................#
.......Z.....P...
.......@S.......#
..............P..
..#.#........#...
..#.............
.. #....P.#P.....
##...####P...
#...# #.#. ....#
.P


You could see a black mamba and a friendly elephant skeleton.

Vanquished Creatures
  A minotaur (Lab)
  3 hydras
  Fannar (Lair:1)
  A two-headed ogre (D:9)
  An ugly thing (D:9)
  3 elephants (Lair:5)
  A torpor snail (Lair:4)
  A black mamba (Lair:2)
  4 gargoyles (Lab)
  6 spiny frogs
  A troll (D:9)
  5 blink frogs (Lair:1)
  2 hippogriffs (D:8)
  2 redbacks (Lab)
  A basilisk (Lair:2)
  A steam dragon (D:9)
  12 yaks
  A hungry ghost (D:9)
  4 nagas (Lair:4)
  A water moccasin (Lair:1)
  2 porcupines
  2 orc warriors
  A sky beast (D:6)
  2 ice beasts
  2 black bears (D:9)
  An ogre (D:6)
  2 phantoms
  4 wolves (Lair:4)
  2 centaurs
  6 crocodiles
  9 bullfrogs
  5 big kobolds
  2 scorpions
  A troll skeleton (Lab)
  2 wights (D:9)
  A vampire bat (D:7)
  2 howler monkeys (D:9)
  A hound (D:4)
  A centaur zombie (D:8)
  5 orc wizards
  2 bullfrog skeletons
  A jelly (D:8)
  An orc priest (D:5)
  5 worker ants
  An iguana (D:6)
  2 hell rats (Lair:4)
  3 ogre skeletons (Lab)
  A howler monkey skeleton (D:6)
  3 river rats
  8 adders
  4 gnolls (D:2)
  4 oozes
  2 adder zombies
  4 worms
  A dart slug (D:1)
  A leopard gecko (D:3)
  10 orcs
  5 bats
  2 bat skeletons (D:7)
  A bat zombie (D:7)
  4 giant cockroaches
  2 goblins
  2 hobgoblins
  A jackal (D:3)
  4 quokkas
  3 ball pythons
  A ball python skeleton (D:4)
  4 frilled lizards
  12 kobolds
  A leopard gecko skeleton (D:2)
  14 rats
  A spectral orc (D:8)
  A fungus (Lair:3)
216 creatures vanquished.

Vanquished Creatures (collateral kills)
  A black mamba (Lair:3)
  A spiny frog (Lair:2)
  A komodo dragon (Lair:2)
  4 yaks (Lair:2)
  2 porcupines
  2 water moccasins
  A black bear (D:9)
  A sky beast (D:9)
  A crocodile (Lair:1)
  2 bullfrogs
  A wight (D:9)
  An electric eel (Lair:4)
  4 hell rats (Lair:4)
  An adder (D:2)
  An ooze (Sewer)
  2 worms (D:3)
  2 leopard geckos
  2 bat zombies (D:7)
  2 giant cockroaches (D:3)
  A goblin (D:1)
  A jackal (D:3)
  A quokka (D:6)
  2 bats
  3 kobolds
  A rat (Sewer)
  A fungus (Lair:4)
  3 plants (Lair:4)
45 creatures vanquished.

Vanquished Creatures (others)
  A dancing weapon (D:9)
  25 fungi (D:9)
  16 plants
42 creatures vanquished.

Grand Total: 303 creatures vanquished

Notes
Turn   | Place    | Note
-------+----------+-------------------------------------------
     0 | D:1      | M4edhros the Octopode Necromancer began the quest for the Orb.
     0 | D:1      | Reached XP level 1. HP: 11/11 MP: 3/3
    36 | D:1      | Learned a level 1 spell: Animate Skeleton
    52 | D:1      | Reached skill level 1 in Unarmed Combat
   173 | D:1      | Reached XP level 2. HP: 6/17 MP: 5/5
   333 | D:2      | Reached skill level 2 in Unarmed Combat
   378 | D:2      | Found a hide-covered altar of Uskayaw.
   531 | D:3      | Reached XP level 3. HP: 11/21 MP: 6/6
   561 | D:3      | Learned a level 3 spell: Regeneration
   657 | D:3      | Reached skill level 3 in Unarmed Combat
   806 | D:3      | Found a glowing drain.
   820 | D:3      | Reached XP level 4. HP: 21/27 MP: 3/7
   903 | Sewer    | Entered a sewer
   966 | Sewer    | Reached skill level 4 in Unarmed Combat
   971 | Sewer    | Noticed a big kobold
  1051 | Sewer    | Killed a big kobold
  1051 | Sewer    | Reached XP level 5. HP: 31/31 MP: 3/8
  1115 | Sewer    | Reached skill level 5 in Unarmed Combat
  1239 | Sewer    | Noticed a big kobold
  1240 | Sewer    | Noticed a big kobold
  1259 | Sewer    | Killed a big kobold
  1259 | Sewer    | Reached skill level 1 in Fighting
  1259 | Sewer    | Reached skill level 1 in Shields
  1259 | Sewer    | Reached XP level 6. HP: 20/38 MP: 3/9
  1505 | D:4      | Found a staircase to the Ecumenical Temple.
  1511 | Temple   | Entered the Ecumenical Temple
  1521 | Temple   | Became a worshipper of Cheibriados the Contemplative
  1588 | D:4      | Reached XP level 7. HP: 41/44 MP: 10/10
  1734 | D:4      | Found a glowing golden altar of the Shining One.
  1893 | D:2      | Found a faded altar of an unknown god.
  2173 | D:3      | Found a sparkling altar of Nemelex Xobeh.
  2179 | D:3      | Reached skill level 6 in Unarmed Combat
  2327 | D:5      | Entered Level 5 of the Dungeon
  2567 | D:6      | Reached * piety under Cheibriados
  2574 | D:5      | Reached skill level 1 in Invocations
  2574 | D:5      | Reached skill level 1 in Evocations
  2874 | D:6      | Reached XP level 8. HP: 12/51 MP: 8/11
  3150 | D:6      | Learned a level 3 spell: Tukima's Dance
  3400 | D:8      | Reached skill level 7 in Unarmed Combat
  3400 | D:8      | Reached skill level 1 in Hexes
  3465 | D:8      | Noticed a hippogriff
  3476 | D:8      | Killed a hippogriff
  3488 | D:8      | Learned a level 3 spell: Mephitic Cloud
  3582 | D:8      | Found a sparkling altar of Nemelex Xobeh.
  3595 | D:8      | Noticed a hippogriff
  3608 | D:8      | Reached ** piety under Cheibriados
  3617 | D:8      | Reached XP level 9. HP: 44/57 MP: 4/12
  3747 | D:8      | Found a basalt altar of Yredelemnul.
  3934 | D:7      | Found an ancient bone altar of Kikubaaqudgha.
  4067 | D:9      | Reached *** piety under Cheibriados
  4098 | D:9      | Noticed a white ugly thing
  4114 | D:9      | Killed a white ugly thing
  4192 | D:9      | Noticed a two-headed ogre
  4211 | D:9      | Killed a two-headed ogre
  4211 | D:9      | Reached skill level 8 in Unarmed Combat
  4211 | D:9      | Reached skill level 5 in Invocations
  4211 | D:9      | Reached skill level 5 in Evocations
  4211 | D:9      | Reached XP level 10. HP: 55/63 MP: 8/14
  4494 | D:9      | Found Caelefag's Distillery.
  4556 | D:9      | Reached **** piety under Cheibriados
  4584 | D:9      | Bought a potion of curing for 48 gold pieces
  4584 | D:9      | Bought a potion of heal wounds for 80 gold pieces
  4584 | D:9      | Bought a potion of lignification for 48 gold pieces
  4584 | D:9      | Bought a potion of mutation for 128 gold pieces
  4584 | D:9      | Gained mutation: You expend magic power (3 MP) to strengthen your wands. [potion of mutation]
  4584 | D:9      | Gained mutation: You are partially covered in rugged brown scales. (AC +1, +3% HP) [potion of mutation]
  4584 | D:9      | Gained mutation: Your mind is acute. (Int +2) [potion of mutation]
  4619 | D:9      | Found a staircase to the Lair.
  4695 | Lair:1   | Entered Level 1 of the Lair of Beasts
  4708 | Lair:1   | Noticed a spiny frog
  4716 | Lair:1   | Killed a spiny frog
  4732 | Lair:1   | Reached skill level 5 in Hexes
  4913 | Lair:1   | Noticed a spiny frog
  4918 | Lair:1   | Noticed Fannar
  4982 | Lair:1   | Killed Fannar
  4982 | Lair:1   | Reached skill level 9 in Unarmed Combat
  4982 | Lair:1   | Reached XP level 11. HP: 52/71 MP: 9/17
  4998 | Lair:1   | Noticed a six-headed hydra
  5012 | Lair:1   | Killed a six-headed hydra
  5012 | Lair:1   | Reached skill level 5 in Dodging
  5170 | Lair:2   | Reached skill level 10 in Unarmed Combat
  5255 | Lair:2   | Reached skill level 5 in Fighting
  5255 | Lair:2   | Reached skill level 1 in Poison Magic
  5260 | Lair:2   | Reached ***** piety under Cheibriados
  5260 | Lair:2   | Reached skill level 1 in Air Magic
  5339 | Lair:2   | Noticed a four-headed hydra
  5348 | Lair:2   | Killed a four-headed hydra
  5547 | Lair:3   | Found a labyrinth entrance.
  5556 | Lab      | Entered a labyrinth
  5711 | Lab      | Noticed a minotaur
  5714 | Lab      | HP: 1/74 [gargoyle/stone arrow (21)]
  5841 | Lab      | Reached XP level 12. HP: 48/80 MP: 18/18
  5951 | Lab      | Killed a minotaur
  5951 | Lab      | Reached skill level 11 in Unarmed Combat
  6164 | Lair:3   | Found a staircase to the Shoals.
  6379 | Lair:3   | Learned a level 6 spell: Statue Form
  6478 | Lair:4   | Learned a level 3 spell: Conjure Flame
  6501 | Lair:4   | Found a staircase to the Snake Pit.
  6509 | Lair:4   | Reached skill level 1 in Transmutations
  6509 | Lair:4   | Reached skill level 1 in Earth Magic
  6682 | Lair:4   | Noticed an eight-headed hydra
  6705 | Lair:4   | Killed an eight-headed hydra
  6988 | Lair:5   | Slain by a black mamba

Vault maps used:
D:1:      dpeg_arrival_line_fractal, nemelex_diamond_rough_becter
D:2:      nicolae_overflow_crystal_walls, chequers_ecumenical_altar_simple_redux
D:3:      nemelex_xobeh_ov_fountains_minmay, portal_sewer_entry_b
D:4:      tso_metal_star, minmay_temple_entry_hall, first_ration,
          kennysheep_small_spiral
D:5:      serial_shops, shop
D:6:      serial_park_tiny_2
D:7:      kennysheep_mini_moat, kennysheep_vampire_church, serial_shops, shop
D:8:      yredelemnul_forgotten_temple_becter, nemelex_spade_bored_becter
D:9:      due_lair_maze_entry_diamond, orc_0_dummy, serial_shops, shop
Temple:   nicolae_temple_x_marks_the_god
Lair:1:   uniq_fannar
Lair:2:   enter_volcano_4, lemuel_old_faithful
Lair:3:   elwin_shoals_entry_rocks, lab_entry_generic
Lair:4:   guppyfry_snake_entry_island, serial_bayou, serial_bayou_ford_a,
          serial_bayou_crossing, serial_bayou_lake_a, serial_bayou_pond_c,
          infiniplex_staircase_pool
Lab:      nicolae_lab_t_cross, nicolae_lab_quarters, nicolae_lab_stuck,
          nicolae_lab_very_dead_end, nicolae_lab_big_swirl, lab_statue,
          nicolae_lab_starburst, nicolae_lab_dead_end, nicolae_lab_do_over
Sewer:    sewer_co_15_rooms

Skill      XL: |  1  2  3  4  5  6  7  8  9 10 11 12 |
---------------+-------------------------------------+-----
Unarmed Combat | 1 2 3 4 5 6 7 8 9 10 11 | 11.2
Fighting       | 1 2 3 4 5 6 |  6.5
Shields        | 1 2 3 4 |  4.8
Dodging        | 3 4 6 7 |  7.0
Invocations    | 1 3 5 6 7 |  7.8
Evocations     | 1 3 5 6 7 |  7.7
Hexes          | 1 3 5 |  5.2
Spellcasting   | 3 4 |  4.9
Poison Magic   | 2 |  2.6
Air Magic      | 2 |  2.2
Transmutations | 2 |  2.6
Earth Magic    | 2 |  2.5
Stealth        | |  2.6
Necromancy     | |  4.0

Action                   |  1- 3 |  4- 6 |  7- 9 | 10-12 || total
-------------------------+-------+-------+-------+-------++-------
Melee: Unarmed           |    78 |    94 |   242 |   320 ||   734
       Constrict         |    20 |    20 |    38 |    41 ||   119
       Tentacles         |    11 |    15 |    44 |   132 ||   202
       Punch             |     3 |     4 |    18 |    56 ||    81
 Fire: Blowgun           |     7 |    35 |     2 |       ||    44
 Cast: Pain              |     9 |     3 |     4 |       ||    16
       Animate Skeleton  |    15 |    10 |    16 |    42 ||    83
       Regeneration      |     3 |     7 |    28 |    43 ||    81
       Tukima's Dance    |       |       |     4 |     3 ||     7
       Mephitic Cloud    |       |       |     3 |    11 ||    14
Invok: Slouch            |       |       |       |     8 ||     8
Evoke: Wand              |       |       |    10 |    23 ||    33
       Box of beasts     |       |       |       |     2 ||     2
       Phial of floods   |       |       |       |     1 ||     1
  Use: Scroll            |     1 |       |     1 |    16 ||    18
       Potion            |       |       |     6 |     8 ||    14
 Stab: Sleeping          |     3 |     5 |     9 |     7 ||    24
       Distracted        |     2 |       |     4 |     1 ||     7
       Confused          |       |       |     2 |     3 ||     5
       Paralysed         |       |       |       |     6 ||     6
  Eat: Chunk             |       |     5 |    10 |     4 ||    19
       Ration            |       |       |     1 |     2 ||     3
Armor: Skin              |    11 |     6 |    10 |    32 ||    59
Dodge: Dodged            |    59 |    47 |   131 |   152 ||   389
Block: Buckler           |       |       |    17 |    61 ||    78

Table legend:
 A = Spawn XP
 B = Non-spawn XP
 C = Spawn XP percentage of total XP
 D = Spawn monster count
 E = Non-spawn monster count
 F = Spawn count percentage of total count
 G = Total turns spent on level
                    A         B        C        D         E        F      G
               +---------+---------+-------+---------+---------+-------+---------
         Total |       0 |   26310 |   0.0 |       0 |     256 |   0.0 |  6988
               +---------+---------+-------+---------+---------+-------+---------
           D:1 |       0 |      20 |   0.0 |       0 |      11 |   0.0 |   447
           D:2 |       0 |      87 |   0.0 |       0 |      17 |   0.0 |   413
           D:3 |       0 |      85 |   0.0 |       0 |      31 |   0.0 |   581
           D:4 |       0 |     261 |   0.0 |       0 |       8 |   0.0 |   415
           D:5 |       0 |     205 |   0.0 |       0 |       8 |   0.0 |   390
           D:6 |       0 |     815 |   0.0 |       0 |      17 |   0.0 |   547
           D:7 |       0 |     298 |   0.0 |       0 |      11 |   0.0 |   252
           D:8 |       0 |    1077 |   0.0 |       0 |      15 |   0.0 |   505
           D:9 |       0 |    3397 |   0.0 |       0 |      33 |   0.0 |   667
        Lair:1 |       0 |    5460 |   0.0 |       0 |      17 |   0.0 |   428
        Lair:2 |       0 |    4367 |   0.0 |       0 |      22 |   0.0 |   397
        Lair:3 |       0 |    1446 |   0.0 |       0 |       6 |   0.0 |   310
        Lair:4 |       0 |    3598 |   0.0 |       0 |      23 |   0.0 |   462
        Lair:5 |       0 |    1447 |   0.0 |       0 |       4 |   0.0 |   142
           Lab |       0 |    3351 |   0.0 |       0 |      11 |   0.0 |   554
         Sewer |       0 |     396 |   0.0 |       0 |      22 |   0.0 |   457
               +---------+---------+-------+---------+---------+-------+---------
